 Dungeon Crawl Stone Soup version 0.31-a0-675-g238779eb0a (webtiles) character file.

Game seed: 11671490615814955096

151 randomguy2701 the Chopper (level 5, 0/47 HPs)
             Began as a Hill Orc Fighter on Sept 6, 2023.
             Slain by a gnoll
             ... wielding a +2 spear of venom
              (7 damage)
             ... on level 3 of the Dungeon.
             The game lasted 00:01:51 (1527 turns).

randomguy2701 the Chopper (Hill Orc Fighter)        Turns: 1527, Time: 00:01:52

Health: 0/47       AC:  7    Str: 19    XL:     5   Next: 33%
Magic:  5/5        EV:  9    Int:  8    God:
Gold:   94         SH:  4    Dex: 12    Spells: 4/4 levels left

rFire   + . .        a - +0 war axe
rCold   + . .        c - +0 buckler
rNeg    . . .        b - +0 scale mail
rPois   +            (no helmet)
rElec   +            (no cloak)
rCorr   +            (no gloves)
SInv    .            (no boots)
Will    .....        (no amulet) Stlth
                     (no ring)
HPRegen 0.27/turn    (no ring)
MPRegen 0.09/turn

%: no passive effects
@: lethally poisoned (0 -> -1), resistant, attractive
A: no striking features
a: no special abilities


You were on level 3 of the Dungeon.
You visited 1 branch of the dungeon, and saw 3 of its levels.

You collected 94 gold pieces.

Inventory:

Hand Weapons
 a - a +0 war axe (weapon)
Armour
 b - a +0 scale mail (worn)
 c - a +0 buckler (worn)
Jewellery
 j - a +6 ring of strength
Scrolls
 e - 4 scrolls of immolation {unknown}
 g - 2 scrolls of identify {unknown}
 i - a scroll of torment {unknown}
 k - a scroll of enchant weapon {unknown}
Potions
 d - a potion of might
 f - a potion of attraction


   Skills:
 + Level 4.4 Fighting
 + Level 4.8 Axes
 + Level 4.6 Armour
 + Level 0.2 Dodging
 + Level 3.6 Shields


You had 4 spell levels left.
You didn't know any spells.
Your spell library was empty.

Dungeon Overview and Level Annotations

Branches:
Dungeon (3/15)

Altars:

Shops:
D:1 (


Message History

The gnoll hits you with a +0 flail. The gnoll barely misses you.
You closely miss the gnoll. You miss the gnoll. You hit the gnoll.
You slash the gnoll!
You feel very sick. The gnoll barely misses you. The gnoll closely misses you.
The gnoll hits you with a +0 spear. The gnoll closely misses you.
You closely miss the gnoll. You miss the gnoll. You closely miss the gnoll. x2
You feel very sick. The gnoll hits you but does no damage.
The gnoll closely misses you. The gnoll hits you but does no damage.
The gnoll hits you with a +0 flail!
* * * LOW HITPOINT WARNING * * *
The gnoll closely misses you.
You slash the gnoll!
You kill the gnoll!
You closely miss the gnoll. You slash the gnoll! x2; You feel sick.
The gnoll hits you with a +2 spear of venom.
The gnoll hits you with a +0 flail!
* * * LOW HITPOINT WARNING * * *
The gnoll hits you with a +0 whip.
* * * LOW HITPOINT WARNING * * *
The gnoll closely misses you. The gnoll barely misses you.
You barely miss the gnoll.
The gnoll is heavily wounded.
You hit the gnoll but do no damage. You miss the gnoll.
You feel less invigorated.
You feel less confused.
You feel sick. The gnoll hits you but does no damage.
You block the gnoll's attack. The gnoll closely misses you.
You hit the gnoll.
You kill the gnoll!
You barely miss the gnoll. x2; You feel sick.
The gnoll hits you with a +2 spear of venom.
* * * LOW HITPOINT WARNING * * *
You block the gnoll's attack.
Unknown command.
You barely miss the gnoll.
The gnoll is heavily wounded.
You closely miss the gnoll.
You feel sick.
The gnoll hits you with a +2 spear of venom!
You die...

............## #
..........###
#......... .#
.......... ..[
#........#### ###
............###
..............###
#......g).......##
#......@g###.....##
###.....)#
###....## ##.....#
###...## #.....#
##...### #.....#
##....## +....##
##..... ##.###
##.... #. ###.. ###


You could see 2 gnolls.

Vanquished Creatures
  Natasha (D:3)
  2 gnolls (D:3)
  6 adders
  4 worms
  An orc (D:3)
  4 bats
  2 endoplasms (D:1)
  2 giant cockroaches
  2 goblins (D:1)
  7 hobgoblins
  2 ball pythons (D:1)
  2 frilled lizards (D:1)
  3 kobolds
  7 rats
45 creatures vanquished.

Notes
Turn   | Place    | Note
-------+----------+-------------------------------------------
     0 | D:1      | randomguy2701 the Hill Orc Fighter began the quest for the
                  | Orb.
     0 | D:1      | Reached XP level 1. HP: 19/19 MP: 1/1
     6 | D:1      | Noticed a lindwurm
     6 | D:1      | Noticed a hog
     7 | D:1      | Noticed a swamp drake
     7 | D:1      | Noticed a polar bear
    61 | D:1      | Found Rakhon's Weapon Shop.
    74 | D:1      | Reached XP level 2. HP: 27/27 MP: 2/2
   489 | D:2      | Reached XP level 3. HP: 33/33 MP: 3/3
   784 | D:2      | Reached XP level 4. HP: 41/41 MP: 4/4
  1460 | D:3      | Noticed Natasha
  1467 | D:3      | Killed Natasha
  1468 | D:3      | Reached XP level 5. HP: 44/47 MP: 5/5
  1527 | D:3      | Slain by a gnoll

Illustrated notes

Levels and vault maps discovered:
D:1:      onia_arrival_zoo_common, layout_basic, serial_shops,
          nicolae_shop_bloodbath_and_beyond, minmay_tromino_mix6
D:2:      layout_basic
D:3:      layout_rooms, nicolae_vehumet_altar_sigil, serial_curves,
          eino_curves_01, eino_curves_04, eino_curves_03, uniq_natasha

Skill      XL: |  1  2  3  4 |
---------------+-------------+-----
Axes           | 3 4 |  4.8
Fighting       | 4 |  4.4
Armour         | 4 |  4.6
Dodging        | |  0.2
Shields        | |  3.6

Action                     |  1- 3 |  4- 6 || total
---------------------------+-------+-------++-------
  Melee: War axe           |    86 |    52 ||   138
    Use: Potion            |       |     4 ||     4
 Armour: Scale mail        |    58 |    64 ||   122
  Dodge: Dodged            |    37 |    27 ||    64
  Block: Buckler           |    21 |    12 ||    33

Table legend: (Time is in decaauts)
 A = Elapsed time spent in this place.
 B = Non-inter-level travel time spent in this place.
 C = Inter-level travel time spent in this place.
 D = Time resting spent in this place.
 E = Time spent auto-exploring this place.
 F = Levels seen in this place.
 G = Mean time per level.
                   A        B        C        D        E       F      G
               +--------+--------+--------+--------+--------+-----+--------+
         Total |   1576 |   1531 |     45 |      0 |   1217 |   3 |  525.3 |
       Dungeon |   1576 |   1531 |     45 |      0 |   1217 |   3 |  525.3 |
               +--------+--------+--------+--------+--------+-----+--------+

Top non-repeatable levels by time:
     D:2: 742 daAuts
     D:1: 506 daAuts
     D:3: 327 daAuts
